 Dungeon Crawl Stone Soup version 0.21-a0-91-ga5031da (webtiles) character file.

273 Ordine the Slasher (level 6, -1/43 HPs)
             Began as an Octopode Fighter on June 30, 2017.
             Slain by an orc (5 damage)
             ... on level 2 of the Dungeon.
             The game lasted 00:04:56 (2692 turns).

Ordine the Slasher (Octopode Fighter)               Turns: 2692, Time: 00:04:56

Health: -1/43      AC:  1    Str: 20    XL:     6   Next: 23%
Magic:  6/6        EV: 12    Int: 13    God:
Gold:   45         SH: 11    Dex: 13    Spells: 5/5 levels left

rFire    . . .     SeeInvis .   a - +0 long sword
rCold    . . .     Gourm    .   b - +1 shield
rNeg     . . .     Faith    .   (helmet restricted)
rPois    .         Spirit   .   (no amulet)
rElec    .         Reflect  .   (no ring)
rCorr    .         Harm     .   (no ring)
MR       .....                  (no ring)
Stlth    ++........             (no ring)
HPRegen  0.14/turn              (no ring)
MPRegen  0.10/turn              (no ring)
                                (no ring)
                                (no ring)

@: mighty
A: almost no armour, stealthy swim, amphibious, 8 rings, constrict 8, camouflage
1, clever 1, gelatinous body 1, subdued magic 1
a: no special abilities


You were on level 2 of the Dungeon.
You were not hungry.

You visited 1 branch of the dungeon, and saw 3 of its levels.

You collected 45 gold pieces.

Inventory:

Hand Weapons
 a - a +0 long sword (weapon)
Missiles
 k - 102 stones (quivered)
Armour
 b - a +1 shield (worn)
Jewellery
 p - an uncursed ring of ice
Wands
 s - a wand of iceblast (8/15)
Scrolls
 j - 4 scrolls of remove curse
 n - a scroll of teleportation
Potions
 e - a potion of resistance {unknown}
 h - a potion of agility
 i - a potion of mutation
 l - a potion of magic {unknown}
 m - a potion of curing {unknown}
 o - 2 potions of invisibility {unknown}
 q - a potion of degeneration {unknown}
Comestibles
 d - a bread ration
 f - 3 fruits
 r - a meat ration


   Skills:
 + Level 4.0 Fighting
 * Level 4.6 Long Blades
 - Level 3.0 Dodging
 + Level 4.5 Shields


You had 5 spell levels left.
You didn't know any spells.

Dungeon Overview and Level Annotations

Branches:
Dungeon (3/15)

Altars:
Ashenzari


Innate Abilities, Weirdness & Mutations

You cannot wear most types of armour.
You are very stealthy in the water. (Stealth+)
You are amphibious.
You can wear up to eight rings at the same time.
You can use your tentacles to constrict eight enemies at once.
Your skin changes colour to match your surroundings (Stealth+).
Your rubbery body absorbs attacks. (AC +1, EV +1)
Your mind is acute. (Int +2)
Your spells are a little easier to cast, but a little less powerful.


Message History

You block Ordine's ghost's attack.
Unknown command.
You hit Ordine's ghost.
You destroy Ordine's ghost!
Your Fighting skill increases to level 4!
You hear some strange, mumbled words.
A puff of flame appears from out of thin air!
The puff of flame hits you!
* * * LOW HITPOINT WARNING * * *
It was a potion of mutation.
You feel extremely strange.
Your connection to magic feels subdued.
You feel clever. You block the orc's attack.
There is a stone staircase leading up here.
You block the orc's attack.
All of the chunks of flesh in your inventory have rotted away.
You climb upwards.
There is a stone staircase leading down here.
You completely miss the orc. Your grab misses the orc.
Your squeeze misses the orc. The orc hits you.
You die...

..# #.# #..# >## #.# #..#
.#####.# #..# .......# ##..#
.####### #...# .# #.#.# .# #.#.#
.# ##.#.# .# ##..@o# .#
#########.#.#.## .#
#..†...........# ##
##.#######.#.#.##
####...#######...################
................................#
####...##########.#.###########.#
...###.# #.#.# #.#
##.###.######## #.#.# #.#


You could see an orc.

Vanquished Creatures
  The ghost of Ordine the Skirmisher, a weakling OpFi (D:3)
  Natasha (thrice) (D:2)
  Terence (D:3)
  Robin (D:2)
  7 adders
  3 dart slugs
  2 leopard geckos
  An orc (D:3)
  4 bats
  A giant cockroach (D:1)
  11 goblins
  6 hobgoblins
  2 jackals (D:1)
  A frilled lizard (D:2)
  3 kobolds
  19 rats
66 creatures vanquished.

Notes
Turn   | Place    | Note
-------+----------+-------------------------------------------
     0 | D:1      | Ordine the Octopode Fighter began the quest for the Orb.
     0 | D:1      | Reached XP level 1. HP: 16/16 MP: 1/1
    47 | D:1      | Reached XP level 2. HP: 21/21 MP: 2/2
   229 | D:1      | Found a shattered altar of Ashenzari.
   417 | D:1      | Reached XP level 3. HP: 19/26 MP: 3/3
  1325 | D:2      | Reached XP level 4. HP: 17/31 MP: 4/4
  1631 | D:2      | Noticed Robin
  1641 | D:2      | Killed Robin
  1812 | D:2      | Noticed Natasha
  1816 | D:2      | Killed Natasha
  1923 | D:2      | Reached XP level 5. HP: 36/36 MP: 5/5
  2022 | D:2      | Noticed Natasha
  2029 | D:2      | Killed Natasha
  2240 | D:2      | Noticed Natasha
  2247 | D:2      | Killed Natasha
  2274 | D:3      | Noticed Terence
  2283 | D:3      | Killed Terence
  2417 | D:3      | Reached XP level 6. HP: 43/43 MP: 6/6
  2658 | D:3      | Noticed Ordine's ghost (weakling OpFi)
  2671 | D:3      | Killed Ordine's ghost
  2671 | D:3      | HP: 1/43 [something/puff of flame (10)]
  2672 | D:3      | Gained mutation: Your spells are a little easier to cast, but a little less powerful. [potion of mutation]
  2672 | D:3      | Gained mutation: Your mind is acute. (Int +2) [potion of mutation]
  2692 | D:2      | Slain by an orc

Vault maps used:
D:1:      dpeg_arrival_ratfight, nicolae_ashenzari_panopticon
D:2:      uniq_natasha, uniq_robin
D:3:      nicolae_ru_awakened_eye, uniq_terence

Skill      XL: |  1  2  3  4  5  6 |
---------------+-------------------+-----
Long Blades    | 3 4 |  4.6
Shields        | 4 |  4.5
Fighting       | 4 |  4.0
Dodging        | |  3.0

Action                   |  1- 3 |  4- 6 || total
-------------------------+-------+-------++-------
Melee: Long sword        |    57 |    62 ||   119
       Constrict         |    15 |    12 ||    27
       Tentacles         |     8 |    13 ||    21
  Use: Scroll            |     5 |     1 ||     6
       Potion            |       |     2 ||     2
 Stab: Sleeping          |     4 |     7 ||    11
       Distracted        |     1 |       ||     1
  Eat: Chunk             |     1 |     5 ||     6
Armor: Skin              |     4 |     1 ||     5
Dodge: Dodged            |    26 |    20 ||    46
Block: Shield            |    29 |    22 ||    51
       Rpst.: Long sword |     8 |     4 ||    12
